Map: [ESL] Cosmic Sapphire

Players

Maru

  • Race: Terran Terran
  • Spawn Location: 5:00

Dark - Winner!

  • Race: Zerg Zerg
  • Spawn Location: 11:00

Event: DreamHack SC2 Masters 2022 Valencia

VOD

https://youtu.be/slgjR8-WBbI

Description

Time

  • Played on: July 3, 2022, 2:39 p.m.
  • Length: 9:22

All games in this series

Show
View Real Time Build Order
Export as new Build Order

Maru Terran 

Build Orders: Command Center First (CC) 

Get SALT Encoding   

  12  0:00  SCV  
  13  0:12  SCV  
  14  0:17  Supply Depot  
  14  0:24  SCV  
  15  0:39  SCV  
  16  0:51  SCV  
  17  0:58  Command Center  
  17  1:03  SCV  
  18  1:11  Barracks  
  18  1:15  SCV  
  19  1:20  Refinery  
  19  1:27  SCV  
  19  1:28  Refinery  
  20  1:39  SCV  
  21  1:51  SCV  
  22  1:58  Marine  
  23  2:03  Orbital Command  
  23  2:09  Orbital Command  
  23  2:14  Factory  
  23  2:17  Barracks Reactor  
  23  2:28  SCV  
  24  2:35  SCV  
  25  2:41  SCV  
  26  2:48  Command Center  
  26  2:50  SCV  
  27  2:53  SCV  
  28  3:01  Starport  
  28  3:02  SCV  
  28  3:05  SCV  
  30  3:07  Supply Depot  
  30  3:11  Hellion  
  32  3:14  Hellion  
  32  3:16  SCV  
  35  3:23  Barracks Tech Lab  
  35  3:24  SCV  
  36  3:29  SCV  
  36  3:32  Hellion  
  39  3:36  SCV  
  39  3:40  Viking  
  39  3:41  SCV, Marine  
  45  3:46  Stimpack  
  44  3:48  SCV  
  44  3:51  Supply Depot  
  44  3:53  SCV  
  46  3:59  Hellion x2  
  46  4:01  Orbital Command  
  46  4:02  SCV, Marine  
  51  4:06  SCV  
  53  4:14  SCV  
  54  4:17  Supply Depot  
  54  4:18  SCV  
  54  4:23  Barracks x2  
  55  4:26  SCV  
  55  4:28  Refinery, Factory Reactor  
  55  4:30  Orbital Command  
  56  4:32  SCV  
  56  4:34  Engineering Bay x2  
  56  4:36  Starport Reactor  
  56  4:38  SCV  
  58  4:45  SCV  
  59  4:46  Barracks  
  59  4:47  Barracks  
  59  4:52  SCV  
  60  4:53  Supply Depot  
  60  4:57  SCV  
  61  5:00  Marine  
  61  5:01  SCV  
  61  5:04  SCV  
  62  5:09  SCV, Terran Infantry Armor Level 1, Terran Infantry Weapons Level 1  
  62  5:10  Refinery  
  62  5:13  SCV  
  64  5:15  Factory Reactor  
  64  5:16  SCV  
  64  5:18  Medivac x2  
  64  5:19  Marine x3  
  73  5:21  SCV  
  73  5:24  Marine  
  73  5:27  SCV  
  75  5:30  Supply Depot  
  75  5:31  Combat Shield, Supply Depot  
  75  5:32  Marine  
  77  5:35  SCV  
  77  5:36  SCV  
  77  5:40  Barracks Reactor  
  77  5:41  Barracks Reactor  
  77  5:42  Armory  
  78  5:43  SCV  
  78  5:46  Marine  
  78  5:47  Marine x2  
  78  5:48  SCV x2, Marine  
  85  5:55  SCV  
  88  5:57  Widow Mine  
  88  5:58  Widow Mine  
  88  5:59  Supply Depot  
  88  6:00  Marine, SCV, Supply Depot  
  88  6:03  Medivac  
  94  6:04  SCV  
  94  6:07  SCV  
  94  6:08  Marine x2  
  94  6:10  Marine x2  
  100  6:15  SCV  
  101  6:21  Medivac, Marine x2, Widow Mine  
  101  6:22  Supply Depot  
  101  6:25  SCV x2  
  109  6:28  SCV, Supply Depot  
  109  6:32  Marine  
  111  6:34  Marine x2  
  111  6:35  Marine  
  111  6:37  SCV  
  111  6:39  Marine, Widow Mine  
  117  6:43  Medivac, Marine x3  
  117  6:46  SCV x2  
  123  6:49  SCV  
  109  6:55  Marine x5  
  109  6:58  SCV x2  
  95  7:01  SCV  
  95  7:02  Marine  
  95  7:05  Marine x2  
  89  7:09  Marine  
  89  7:10  SCV x2  
  89  7:13  SCV  
  89  7:15  Marine  
  84  7:21  Widow Mine  
  84  7:22  SCV x2  
  88  7:26  SCV  
  84  7:32  Marine x2  
  84  7:34  SCV x2  
  82  7:38  SCV  
  83  7:45  Widow Mine x2  
  83  7:46  SCV x2  
  83  7:50  SCV  
  90  7:55  Medivac x2  
  90  7:56  Marine x5  
  99  7:58  SCV  
  99  7:59  SCV  
  99  8:02  SCV  
  102  8:09  Marine x2  
  102  8:11  Marine x2  
  106  8:14  Marine  
  106  8:15  SCV  
  106  8:16  Widow Mine x2  
  106  8:19  SCV x2  
  114  8:25  Medivac  
  117  8:27  SCV  
  117  8:28  Medivac  
  117  8:31  SCV  
  117  8:32  SCV  
  113  8:38  Widow Mine x2  
  113  8:39  SCV, Command Center  
  113  8:40  Marine  
  113  8:41  Marine x2  
  117  8:43  SCV  
  117  8:44  SCV  
  117  8:45  Marine x2  
  119  8:51  SCV  
  119  8:55  SCV  
  121  8:56  SCV, Supply Depot x2  
  121  9:02  Factory, Marine x2  
  124  9:03  SCV  
Show
View Real Time Build Order
Export as new Build Order

Dark Zerg - Winner!

Build Orders: Hatch First 

Get SALT Encoding   

  12  0:00  Drone  
  13  0:14  Overlord  
  13  0:17  Drone  
  14  0:32  Drone x2  
  16  0:48  Hatchery  
  15  0:52  Drone  
  16  0:58  Drone  
  16  1:01  Drone  
  18  1:12  Extractor  
  18  1:16  Spawning Pool  
  18  1:17  Drone  
  17  1:20  Drone  
  18  1:31  Drone  
  19  1:41  Drone  
  20  1:50  Drone  
  21  2:03  Queen x2, Zergling x4  
  27  2:12  Overlord  
  27  2:13  Drone  
  28  2:22  Hatchery  
  27  2:25  Drone  
  28  2:30  Drone  
  28  2:33  Drone  
  30  2:39  Queen  
  32  2:44  Overlord  
  32  2:46  Drone  
  32  2:47  Drone  
  34  2:52  Metabolic Boost  
  34  2:56  Drone  
  34  2:57  Drone  
  36  3:02  Queen  
  38  3:07  Drone x2  
  38  3:12  Drone x2  
  42  3:14  Drone  
  43  3:22  Overlord  
  43  3:26  Overlord  
  43  3:33  Queen x2  
  47  3:34  Drone  
  47  3:37  Drone  
  47  3:38  Drone  
  50  3:44  Drone  
  50  3:45  Drone x3  
  54  3:49  Drone x3  
  54  3:51  Drone  
  58  3:56  Drone x3  
  61  4:04  Extractor  
  61  4:05  Evolution Chamber  
  61  4:06  Evolution Chamber, Zergling x6  
  61  4:07  Drone  
  61  4:11  Queen  
  61  4:14  Drone x2  
  65  4:19  Overlord  
  65  4:21  Overlord x2  
  65  4:25  Overlord  
  65  4:28  Overlord  
  65  4:30  Overlord  
  65  4:34  Overlord  
  65  4:38  Zerg Melee Weapons Level 1  
  65  4:39  Drone x4  
  65  4:44  Zerg Ground Armor Level 1  
  69  4:47  Drone x3  
  72  4:54  Drone  
  72  4:55  Spore Crawler, Drone x2  
  72  4:59  Drone  
  74  5:05  Drone x7  
  80  5:11  Spore Crawler  
  80  5:12  Lair  
  79  5:14  Overlord  
  79  5:17  Drone x2  
  81  5:21  Drone x2  
  81  5:22  Extractor x2  
  81  5:25  Baneling Nest  
  80  5:28  Hatchery  
  80  5:35  Hatchery  
  78  5:40  Zergling x6  
  78  5:41  Zergling x6  
  84  5:49  Drone  
  85  5:50  Zergling x16  
  85  5:53  Zergling x4  
  85  5:56  Zergling x2  
  96  5:57  Zergling x4  
  96  5:58  Zergling x4  
  100  6:06  Zergling x4  
  100  6:10  Centrifugal Hooks  
  103  6:11  Zergling x2  
  103  6:16  Zergling x4  
  105  6:19  Zergling x4  
  105  6:20  Zergling x4  
  105  6:22  Zergling x4  
  105  6:23  Zergling x4  
  113  6:26  Overlord x2  
  113  6:28  Overlord  
  113  6:30  Overlord  
  113  6:33  Overlord  
  113  6:34  Zerg Melee Weapons Level 2  
  113  6:36  Baneling x2  
  113  6:39  Baneling  
  113  6:40  Baneling x6  
  113  6:41  Zerg Ground Armor Level 2  
  109  6:54  Baneling x4  
  109  6:56  Zergling x2  
  109  6:57  Zergling x26  
  109  6:58  Drone x2  
  109  6:59  Drone  
  109  7:01  Drone  
  122  7:03  Drone  
  122  7:05  Drone  
  122  7:09  Drone  
  122  7:14  Drone x3  
  114  7:18  Spore Crawler  
  114  7:19  Drone x4  
  114  7:20  Hydralisk Den  
  109  7:24  Zergling x4  
  109  7:25  Zergling x2  
  109  7:29  Spore Crawler  
  106  7:31  Spine Crawler  
  106  7:33  Zergling x8  
  106  7:35  Zergling x2  
  108  7:37  Spine Crawler  
  108  7:39  Spine Crawler  
  108  7:41  Baneling x3  
  108  7:42  Drone x2  
  108  7:44  Baneling x4  
  108  7:46  Zergling x6  
  108  7:51  Grooved Spines, Zergling x2  
  111  7:53  Spine Crawler, Zergling x4  
  111  7:54  Baneling  
  111  7:55  Overseer x2  
  111  7:58  Zergling x4  
  115  8:00  Baneling x4  
  115  8:06  Zergling x16  
  115  8:08  Zergling x4  
  115  8:11  Baneling x2  
  115  8:12  Baneling  
  125  8:14  Zergling x14  
  125  8:16  Pneumatized Carapace  
  132  8:22  Drone x4  
  132  8:26  Drone x2  
  132  8:29  Zergling x2  
  132  8:31  Zergling x2  
  132  8:32  Zergling x4  
  134  8:35  Zergling x8  
  134  8:39  Zergling x10  
  143  8:43  Infestation Pit  
  143  8:44  Zergling x12  
  143  8:46  Baneling  
  147  8:50  Baneling x3  
  147  8:53  Zergling x16  
  155  8:58  Zergling x2  
  155  9:01  Baneling x5  
  155  9:04  Zergling x12  

Tags
 
Add a new tag
Caveats
  • Supply blocks, unpowered buildings, or Contaminate may cause inaccurate times.
  • Supply counts are checked every 10 seconds.